 Dungeon Crawl Stone Soup version 0.24.0-123-gd5b16e6ec5 (webtiles) character file.

Game seed: 12519217444929475763, levelgen mode: deterministic

811 hazymike the Skirmisher (level 7, -2/78 HPs)
             Began as an Ogre Monk on Feb 4, 2020.
             Slain by a water moccasin (9 damage)
             ... on level 5 of the Dungeon.
             The game lasted 00:30:07 (6932 turns).

hazymike the Skirmisher (Ogre Monk)                 Turns: 6932, Time: 00:30:08

Health: -2/78      AC:  3    Str: 18    XL:     7   Next: 93%
Magic:  7/7        EV: 11    Int: 11    God:
Gold:   224        SH:  0    Dex: 11    Spells: 5/6 levels left

rFire    . . .     SeeInvis .   p - +2 whip (pain)
rCold    . . .     Gourm    .   (no shield)
rNeg     . . .     Faith    .   b - +0 robe
rPois    .         Spirit   .   (helmet restricted)
rElec    .         Reflect  .   (no cloak)
rCorr    .         Harm     .   (gloves unavailable)
MR       .....                  (boots unavailable)
Stlth    ++........             (no amulet)
HPRegen  0.23/turn              (no ring)
MPRegen  0.10/turn              (no ring)

@: lethally poisoned (-2 -> -5)
A: large, unfitting armour, tough skin 1
a: no special abilities


You were on level 5 of the Dungeon.
You were not hungry.

You visited 1 branch of the dungeon, and saw 6 of its levels.

You collected 224 gold pieces.

Inventory:

Hand Weapons
 p - a +2 whip of pain (weapon)
 q - a +0 hunting sling
 t - a +0 giant spiked club
 x - a +0 quarterstaff of draining
 A - a +2 long sword of flaming
Missiles
 g - 125 stones
 l - 16 poisoned darts (quivered)
Armour
 b - a +0 robe (worn)
 w - a +0 shield
 y - the -2 hat of the Alchemist {rElec rPois rF+ rC+ rN+ MR+ rMut rCorr}
   (You found it on level 5 of the Dungeon)

   It protects you from fire.
   It protects you from cold.
   It insulates you from electricity.
   It protects you from poison.
   It protects you from negative energy.
   It affects your resistance to hostile enchantments.
   It provides partial protection from all sources of acid and corrosion.
   It protects you from mutation.
Jewellery
 d - a +3 ring of intelligence {unknown}
Scrolls
 a - a scroll of remove curse {unknown}
 e - a scroll of immolation {unknown}
 f - 10 scrolls of identify {unknown}
 h - 5 scrolls of teleportation {unknown}
 j - 3 scrolls of enchant armour {unknown}
 k - 4 scrolls of enchant weapon {unknown}
 r - 2 scrolls of magic mapping {unknown}
 s - 3 scrolls of random uselessness {unknown}
 u - a scroll of noise {unknown}
Potions
 i - 2 potions of haste {unknown}
 m - a potion of magic {unknown}
 n - 4 potions of curing
 o - a potion of mutation {unknown}
 v - a potion of brilliance {unknown}
Comestibles
 c - 9 rations


   Skills:
 + Level 7.0 Fighting
 * Level 6.4 Maces & Flails
 - Level 4.0 Dodging
 - Level 2.0 Stealth


You had 5 spell levels left.
You knew the following spells:

 Your Spells              Type           Power        Failure   Level  Hunger
a - Animate Skeleton      Necr           N/A          34%         1    ##.....

Your spell library contained the following spells:

 Spells                   Type           Power        Failure   Level  Hunger
 Confusing Touch          Hex            #.....       34%         1    ##.....
 Pain                     Necr           #...         34%         1    ##.....
 Confuse                  Hex            #.......     71%         3    ####...
 Gell's Gravitas          Tloc           #.........   71%         3    ####...
 Regeneration             Chrm/Necr      #.........   71%         3    ####...
 Vampiric Draining        Necr           #.........   71%         3    ####...
 Animate Dead             Necr           N/A          98%         4    #####..
 Petrify                  Tmut/Erth      #.......     98%         4    #####..
 Metabolic Englaciation   Hex/Ice        #.........   100%        5    ######.
 Yara's Violent Unravell  Hex/Tmut       #.........   100%        5    ######.


Dungeon Overview and Level Annotations

Branches:
Dungeon (6/15)
 Temple: D:4-7

Altars:
Cheibriados
Dithmenos
Gozag
Trog
Xom

Annotations:
D:4 2 transporters


Innate Abilities, Weirdness & Mutations

You are too large for most types of armour.
You have tough skin. (AC +1)


Message History

The water moccasin bites you but does no damage.
You closely miss the water moccasin.
The water moccasin is almost dead.
The water moccasin bites you.
* * * LOW HITPOINT WARNING * * *
You are lethally poisoned!
The water moccasin poisons you!
You feel better. The water moccasin bites you.
* * * LOW HITPOINT WARNING * * *
The water moccasin barely misses you.
You miss the water moccasin.
The water moccasin is almost dead.
The water moccasin bites you.
* * * LOW HITPOINT WARNING * * *
You are poisoned.
The water moccasin poisons you!
You barely miss the water moccasin.
The water moccasin is almost dead.
You feel sick. The water moccasin bites you!
You die...

.....#.#.......#..#._.#...#.#.#
.###.#.#..........#...###.#.#.#
.#.#.#.#..........#...# #.#.#.#
.#.....'..........##'## #.#.#.#
.#.#.#.#...........#.####.#.#.###
...#.#.#.......#####......#......
####.#.#.......# ##.....###.###
####.#.#.......######.....###.###
.....#.........S@...'............
##.##################.....###.###
#.............# #####...#[#
#############.# ###.#.#
#######.############.#.#
#......................#
#......................#
#......................#
#......................#


You could see a water moccasin.

Vanquished Creatures
  A sky beast (D:5)
  A phantom (D:5)
  3 ogres (D:4)
  A scorpion (D:5)
  A crimson imp (D:5)
  An orc priest (D:3)
  A bullfrog skeleton (D:5)
  2 worker ants (D:4)
  A howler monkey zombie (D:5)
  A worker ant zombie (D:5)
  Robin (D:2)
  3 adders
  4 gnolls
  An ooze (D:2)
  2 worms
  2 dart slugs
  3 leopard geckos
  10 orcs
  4 giant cockroaches
  11 goblins
  5 hobgoblins
  4 jackals (D:2)
  A quokka (D:3)
  3 bats
  4 frilled lizards
  5 kobolds
  A quokka skeleton (D:4)
  4 rats
81 creatures vanquished.

Vanquished Creatures (others)
  A plant (D:2)
1 creature vanquished.

Grand Total: 82 creatures vanquished

Notes
Turn   | Place    | Note
-------+----------+-------------------------------------------
     0 | D:1      | hazymike the Ogre Monk began the quest for the Orb.
     0 | D:1      | Reached XP level 1. HP: 24/24 MP: 1/1
   850 | D:2      | Reached XP level 2. HP: 32/32 MP: 2/2
   919 | D:2      | Found a snail-covered altar of Cheibriados.
   955 | D:2      | Noticed Robin
   960 | D:2      | Killed Robin
   960 | D:2      | Reached XP level 3. HP: 40/40 MP: 3/3
  2212 | D:3      | Reached XP level 4. HP: 41/49 MP: 4/4
  2905 | D:3      | Reached XP level 5. HP: 32/55 MP: 5/5
  3373 | D:3      | Found a bloodstained altar of Trog.
  3480 | D:4      | Found a transporter.
  3487 | D:4      | Found a transporter.
  3528 | D:4      | Learned a level 1 spell: Animate Skeleton
  3547 | D:4      | Noticed an ogre
  3572 | D:4      | Killed an ogre
  3572 | D:4      | Reached skill level 5 in Fighting
  3808 | D:3      | Reached XP level 6. HP: 39/66 MP: 6/6
  3985 | D:4      | Found a shimmering altar of Xom.
  4649 | D:4      | Found an opulent altar of Gozag.
  4892 | D:5      | Entered Level 5 of the Dungeon
  5013 | D:4      | Reached skill level 5 in Maces & Flails
  5162 | D:5      | Reached XP level 7. HP: 72/74 MP: 7/7
  5187 | D:5      | Found the -2 hat of the Alchemist {rElec rPois rF+ rC+ rN+
                  | MR+ rMut rCorr}
  5388 | D:5      | Reached skill level 6 in Fighting
  5990 | D:5      | Found a shadowy altar of Dithmenos.
  6667 | D:5      | Reached skill level 7 in Fighting
  6927 | D:5      | HP: 1/78 [water moccasin (8)]
  6932 | D:5      | Slain by a water moccasin

Levels and vault maps discovered:
D:1:      nagdon_arrival_zigzag_paths, layout_loops_ring,
          chequers_serial_rivers_micro_e
D:2:      layout_basic, cheibriados_altar_1, serial_forest,
          infiniplex_forest_lined_corner, infiniplex_forest_clump_C,
          infiniplex_forest_clump_double, infiniplex_forest_clump_curved,
          infiniplex_forest_straight_2, infiniplex_forest_straight_2,
          infiniplex_forest_clump_curved, uniq_robin
D:3:      layout_loops_corners, lemuel_round_altar, first_ration
D:4:      gammafunk_wand_slinger, layout_basic, nicolae_overflow_crystal_walls,
          lemuel_crystal_altar
D:5:      layout_basic, grunt_dithmenos_shadows
D:6:      layout_rooms, temple_statues, serial_curves, eino_curves_01,
          eino_curves_04, uniq_pikel, uniq_sigmund

Skill      XL: |  1  2  3  4  5  6  7 |
---------------+----------------------+-----
Maces & Flails | 3 4 5 6 |  6.4
Dodging        | 3 4 |  4.0
Stealth        | 2 |  2.0
Fighting       | 5 7 |  7.0

Action                   |  1- 3 |  4- 6 |  7- 9 || total
-------------------------+-------+-------+-------++-------
Melee: Mace              |   149 |    42 |       ||   191
       Whip              |       |    66 |   118 ||   184
Throw: Stone             |     1 |       |       ||     1
       Dart              |    10 |    75 |    36 ||   121
  Use: Potion            |       |       |     2 ||     2
 Stab: Sleeping          |     3 |     2 |       ||     5
  Eat: Chunk             |     4 |     7 |     2 ||    13
       Ration            |       |     1 |     1 ||     2
Armor: Robe              |    22 |    11 |     9 ||    42
Dodge: Dodged            |    68 |    54 |    55 ||   177
